 Dungeon Crawl Stone Soup version 0.29-a0-362-g5854e031c7 (webtiles) character file.

Game seed: 827940799967069999

76 Dauddaud the Chopper (level 4, -2/39 HPs)
             Began as a Minotaur Berserker on Apr 29, 2022.
             Was a Believer of Trog.
             Slain by a gnoll
             ... wielding a +0 spear
              (6 damage)
             ... on level 3 of the Dungeon.
             The game lasted 00:04:45 (2289 turns).

Dauddaud the Chopper (Minotaur Berserker)           Turns: 2289, Time: 00:04:46

Health: -2/39      AC:  6    Str: 24    XL:     4   Next: 12%
Magic:  3/3        EV: 10    Int:  4    God:    Trog [**....]
Gold:   196        SH:  0    Dex:  9    Spells: 3/3 levels left

rFire   . . .      SeeInvis .   a - +0 hand axe
rCold   + . .      Faith    .   (no shield)
rNeg    + . .      Spirit   .   s - +0 scale mail
rPois   .          Reflect  .   (helmet restricted)
rElec   .          Harm     .   (no cloak)
rCorr   .          Rampage  .   (no gloves)
Will    .....                   (no boots)
Stlth   ..........              (no amulet)
HPRegen 0.13/turn               h - ring of protection from cold
MPRegen 0.08/turn               m - ring of positive energy

@: no status effects
A: horns 2, retaliatory headbutt
a: Renounce Religion, Berserk, Trog's Hand


You were on level 3 of the Dungeon.
You worshipped Trog.
Trog was pleased with you.
You visited 1 branch of the dungeon, and saw 3 of its levels.

You collected 196 gold pieces.

Inventory:

Hand Weapons
 a - a +0 hand axe (weapon)
Armour
 b - a +0 animal skin
 s - a +0 scale mail (worn)
Jewellery
 g - a ring of magical power
 h - a ring of protection from cold (left hand)
 m - a ring of positive energy (right hand)
 o - a ring of see invisible
 p - a ring of positive energy
 q - a +6 ring of intelligence
 t - a ring of magical power
 w - an amulet of regeneration
 x - a ring of flight
Scrolls
 c - a scroll of enchant weapon {unknown}
 d - a scroll of vulnerability {unknown}
 f - 2 scrolls of teleportation {unknown}
 i - a scroll of amnesia {unknown}
 j - 3 scrolls of identify {unknown}
 n - 2 scrolls of summoning {unknown}
 u - a scroll of immolation {unknown}
 v - a scroll of enchant armour {unknown}
Potions
 e - a potion of brilliance {unknown}
 k - 2 potions of flight {unknown}
 l - 3 potions of curing {unknown}
 r - a potion of heal wounds {unknown}


   Skills:
 - Level 3.6 Fighting
 + Level 6.1 Axes
 - Level 2.4 Armour
 - Level 2.1 Dodging


You had 3 spell levels left.
You didn't know any spells.
Your spell library was empty.

Dungeon Overview and Level Annotations

Branches:
Dungeon (3/15)

Altars:


Innate Abilities, Weirdness & Mutations

You have a pair of horns on your head.
You reflexively headbutt those who attack you in melee.


Message History

The gnoll is heavily wounded.
The gnoll closely misses you.
The gnoll hits you from afar with a +0 spear.
You closely miss the gnoll.
The gnoll is heavily wounded.
The gnoll closely misses you.
You hit the gnoll.
The gnoll is almost dead.
The gnoll hits you with a +0 flail. The gnoll closely misses you.
You hit the gnoll.
You kill the gnoll!
Trog accepts your kill.
The gnoll hits you from afar with a +0 spear.
You hit the gnoll.
You kill the gnoll!
Trog accepts your kill.
The gnoll hits you from afar with a +0 spear.
Your Axes skill increases to level 6!
You have reached level 4!
You feel stronger. The gnoll hits you with a +0 spear.
Items here: )) ††.
You slash the gnoll! You headbutt the gnoll.
The gnoll is heavily wounded.
The gnoll hits you with a +0 spear.
You completely miss the gnoll.
The gnoll is heavily wounded.
The gnoll hits you with a +0 spear.
You barely miss the gnoll. Your headbutt misses the gnoll.
The gnoll is heavily wounded.
The gnoll hits you with a +0 spear!
* * * LOW HITPOINT WARNING * * *
You completely miss the gnoll.
The gnoll is heavily wounded.
The gnoll hits you with a +0 spear.
* * * LOW HITPOINT WARNING * * *
You hit the gnoll but do no damage. You headbutt the gnoll.
The gnoll is almost dead.
The gnoll hits you with a +0 spear.
You die...

#.......###.#
###.#####
#.## #.# #..#
#.# ##.######
#.# #......#
#.# ##.#.#.#
#.# ##.#.#
#.## .# ##@#
# #.#g# ##
#.# #.# ##


You could see a gnoll.

Vanquished Creatures
  2 gnolls (D:3)
  2 worms
  4 dart slugs
  3 ball pythons
  4 bats
  4 endoplasms (D:1)
  2 giant cockroaches
  5 goblins
  3 hobgoblins
  6 kobolds (D:1)
  A quokka (D:1)
  3 frilled lizards
  4 rats
43 creatures vanquished.

Notes
Turn   | Place    | Note
-------+----------+-------------------------------------------
     0 | D:1      | Dauddaud the Minotaur Berserker began the quest for the
                  | Orb.
     0 | D:1      | Reached XP level 1. HP: 19/19 MP: 0/0
    39 | D:1      | Reached skill level 4 in Axes
   152 | D:1      | Reached XP level 2. HP: 26/26 MP: 1/1
   495 | D:1      | Reached skill level 5 in Axes
   670 | D:1      | Reached ** piety under Trog
   671 | D:1      | Reached XP level 3. HP: 29/31 MP: 2/2
  2284 | D:3      | Reached skill level 6 in Axes
  2284 | D:3      | Reached XP level 4. HP: 19/39 MP: 3/3
  2289 | D:3      | Slain by a gnoll

Illustrated notes

Levels and vault maps discovered:
D:1:      dpeg_arrival_connections, layout_loops_ring, minmay_tetromino_o2
D:2:      layout_basic, serial_rivers, chequers_serial_rivers_room_a,
          chequers_serial_rivers_micro_a, chequers_serial_rivers_small_3,
          chequers_serial_rivers_small_3, grunt_ministairs_7
D:3:      layout_loops_corners, kennysheep_vampire_church,
          shapermc_ecumenical_altar_mp_highgroup, roderic_roman_lattice,
          uniq_jessica, uniq_terence

Skill      XL: |  1  2  3 |
---------------+----------+-----
Axes           | 4 5 6 |  6.1
Fighting       | |  3.6
Armour         | |  2.4
Dodging        | |  2.1

Action                   |  1- 3 |  4- 6 || total
-------------------------+-------+-------++-------
Melee: Hand axe          |    86 |     5 ||    91
       Headbutt          |    20 |     2 ||    22
       Punch             |     1 |       ||     1
Armor: Animal skin       |    11 |       ||    11
       Scale mail        |     9 |       ||     9
Dodge: Dodged            |    49 |       ||    49

Table legend: (Time is in decaauts)
 A = Elapsed time spent in this place.
 B = Non-inter-level travel time spent in this place.
 C = Inter-level travel time spent in this place.
 D = Time resting spent in this place.
 E = Time spent auto-exploring this place.
 F = Levels seen in this place.
 G = Mean time per level.
                   A        B        C        D        E       F      G
               +--------+--------+--------+--------+--------+-----+--------+
         Total |   2297 |   2191 |    106 |      0 |   1922 |   3 |  765.7 |
       Dungeon |   2297 |   2191 |    106 |      0 |   1922 |   3 |  765.7 |
               +--------+--------+--------+--------+--------+-----+--------+

Top non-repeatable levels by time:
     D:1: 1048 daAuts
     D:2: 985 daAuts
     D:3: 263 daAuts
